 Dungeon Sprint DCSS version 0.29-a0-717-g6dac4ea423 (webtiles) character file.

Game seed: 10227260899366222530

51331 mhtbhm the Ninja (level 14, -3/70 HPs)
             Began as a Spriggan Enchanter on June 26, 2022.
             Was a High Priest of Dithmenos.
             Slain by an orange demon (11 damage)
             ... summoned by an obsidian statue
             ... in the Dungeon (Sprint III: "The Ten Rune Challenge").
             The game lasted 00:27:08 (5341 turns).

mhtbhm the Ninja (Spriggan Enchanter)               Turns: 5341, Time: 00:27:08

Health: -3/70      AC:  5    Str:  4    XL:     14   Next: 23%
Magic:  36/36      EV: 40    Int: 19    God:    Dithmenos [*****.]
Gold:   174        SH:  0    Dex: 25    Spells: 31/48 levels left

rFire   + + +      SeeInvis +   a - +4 dagger (venom)
rCold   . . .      Faith    .   (no shield)
rNeg    . . .      Spirit   .   I - +3 robe of Insecurity {-Tele rF+++}
rPois   +          Reflect  .   (helmet restricted)
rElec   .          Harm     .   (no cloak)
rCorr   .          Rampage  .   (gloves unavailable)
Will    ++...      NoTele   +   (boots unavailable) Stlth *********+
                                c - amulet of Vitality {RegenMP++ Regen++}
HPRegen 1.81/turn               t - ring of Lalentuf {rPois Int+3}
MPRegen 1.05/turn               u - ring of the Tormentor {EV+4 Dex+4}

@: wreathed by umbra, invisible, very quick
A: very small, no large weapons, unfitting armour, see invisible, speed 3,
camouflage 1, wild magic 1
a: Renounce Religion, Shadow Step, Shadow Form


You were in the Dungeon.
You worshipped Dithmenos.
Dithmenos was extremely pleased with you.
You visited 1 branch You collected 2703 gold pieces.
You spent 2529 gold pieces at shops.

Inventory:

Hand Weapons
 a - a +4 dagger of venom (weapon)
 k - a +2 quick blade
Missiles
 f - 10 datura-tipped darts
 v - 6 curare-tipped darts (quivered)
Armour
 b - a +0 robe
 y - the +3 hat of Pondering {ponderous, Will+ MP+10 Int+5}
   (You took it off Gastronok in the Dungeon)

   Int:       It affects your intelligence (+5).
   MP:        It affects your magic capacity (+10).
   Will:      It increases your willpower.
 F - a scarf of invisibility
 I - the +3 robe of Insecurity (worn) {-Tele rF+++}
   (You found it in the Dungeon)

   rF:        It renders you almost immune to fire.
   -Tele:     It prevents most forms of teleportation.
Jewellery
 c - the amulet of Vitality (around neck) {RegenMP++ Regen++}
   (You bought it in a shop in the Dungeon)

   [amulet of magic regeneration]

   It increases your rate of magic regeneration.
   Regen:     It increases your rate of health regeneration.
 r - a ring of protection from fire
 t - the ring of Lalentuf (left hand) {rPois Int+3}
   (You bought it in a shop in the Dungeon)

   [ring of poison resistance]

   Int:       It affects your intelligence (+3).
   rPois:     It protects you from poison.
 u - the ring of the Tormentor (right hand) {EV+4 Dex+4}
   (You bought it in a shop in the Dungeon)

   [ring of evasion]

   EV:        It affects your evasion (+4).
   Dex:       It affects your dexterity (+4).
Wands
 p - a wand of digging (7)
Scrolls
 j - a scroll of torment
 l - 3 scrolls of vulnerability {unknown}
 m - a scroll of immolation
 n - a scroll of amnesia
 x - 2 scrolls of magic mapping {unknown}
 B - a scroll of fear
 D - a scroll of fog
 G - a scroll of blinking
Potions
 d - 2 potions of curing
 e - 6 potions of mutation
 g - 2 potions of magic
 h - a potion of lignification
 i - 2 potions of might
 o - a potion of cancellation
 w - 2 potions of attraction
 A - 2 potions of resistance {unknown}
Miscellaneous
 q - a condenser vane (inert)
 s - a tin of tremorstones (2/2)
 C - a box of beasts (inert)
 E - a phantom mirror
 H - a box of beasts (inert)


   Skills:
 + Level 6.5 Fighting
 + Level 12.3 Short Blades
 + Level 2.0 Throwing
 + Level 17.1 Dodging
 O Level 27 Stealth
 + Level 17.5 Spellcasting
 + Level 3.2 Conjurations
 + Level 18.6 Hexes
 + Level 2.6 Necromancy
 + Level 2.9 Transmutations
 + Level 6.5 Ice Magic
 * Level 19.0 Invocations
 + Level 12.2 Evocations


You had 31 spell levels left.
You knew the following spells:

 Your Spells              Type           Power      Damage    Failure   Level
a - Ensorcelled Hibernat  Hex/Ice        100%       N/A       1%          2
b - Confusing Touch       Hex            85%        N/A       1%          3
c - Tukima's Dance        Hex            85%        N/A       1%          3
d - Dazzling Flash        Conj/Hex       100%       N/A       1%          3
e - Wereblood             Tmut           36%        N/A       3%          2
f - Anguish               Hex/Necr       32%        N/A       1%          4

Your spell library contained the following spells:

 Spells                   Type           Power      Damage    Failure   Level
 Inner Flame              Hex/Fire       61%        N/A       1%          3
 Summon Guardian Golem    Hex/Summ       61%        N/A       1%          3
 Cause Fear               Hex            42%        N/A       1%          4
 Sublimation of Blood     Necr           34%        N/A       3%          2
 Summon Small Mammal      Summ           84%        N/A       6%          1
 Hailstorm                Conj/Ice       45%        3d10      8%          4
 Ice Form                 Ice/Tmut       45%        N/A       8%          4
 Spider Form              Tmut/Pois      28%        N/A       9%          3
 Call Canine Familiar     Summ           21%        N/A       16%         3
 Discord                  Hex            42%        N/A       16%         8
 Simulacrum               Ice/Necr       22%        N/A       71%         6
 Summon Hydra             Summ           10%        N/A       100%        7


Dungeon Overview and Level Annotations

Branches:
Dungeon (1/1)

Altars:
Cheibriados
Dithmenos
Elyvilon
Fedhas
Gozag
Hepliaklqana
Kikubaaqudgha
Makhleb
Nemelex Xobeh
Okawaru
Qazlal
Ru
Sif Muna
Trog
Uskayaw
Vehumet
Wu Jian
Xom
Yredelemnul
Zin
The Shining One
Beogh
Jiyva
Lugonu

Shops:
D :[!=:=[!?!(*?=:

Annotations:
D exclusions: obsidian statue and statue


Innate Abilities, Weirdness & Mutations

You are very small and have problems with some larger weapons.
You are too small for most types of armour.
You have supernaturally acute eyesight. (SInv)
You cover ground extremely quickly. (Speed+++)
Your skin changes colour to match your surroundings (Stealth+).
Your spells are a little harder to cast, but a little more powerful.


Message History

You cannot blink because you are wearing the +3 robe of Insecurity {-Tele rF+++}.
The sixfirhy completely misses you. The orange demon misses you.
The moth of wrath bites your juvenile oxfire beast!
The sixfirhy hits you!! The sixfirhy shocks you!
The sixfirhy completely misses you. The sixfirhy hits you!
The sixfirhy shocks you!
* * * LOW HITPOINT WARNING * * *
The shadow imp is engulfed in freezing vapours.
The white imp is engulfed in freezing vapours.
The shadow imp is engulfed in freezing vapours.
Your juvenile oxfire beast hits the obsidian statue but does no damage.
Your juvenile oxfire beast tramples the obsidian statue but does no damage.
The orange demon misses you.
You cannot blink because you are wearing the +3 robe of Insecurity {-Tele rF+++}.
Unknown command.
Okay, then.
The sixfirhy attacks as you move away! The sixfirhy barely misses you.
The sixfirhy misses you. The sixfirhy completely misses you.
The obsidian statue's eyes glow briefly.
The obsidian statue attempts to bespell you!
You easily resist.
The shadow imp is engulfed in freezing vapours.
Your juvenile oxfire beast hits the obsidian statue.
Your juvenile oxfire beast tramples the obsidian statue but does no damage.
There is an open door here.
The sixfirhy attacks as you move away! The sixfirhy completely misses you.
You close the door.
A sixfirhy breaks down the door.
Your juvenile oxfire beast splashes around in the water.
Your juvenile oxfire beast tramples the obsidian statue but does no damage.
An eye of devastation comes into view.
The sixfirhy misses you. The sixfirhy completely misses you.
The sixfirhy hits you!
* * * LOW HITPOINT WARNING * * *
The sixfirhy shocks you!
* * * LOW HITPOINT WARNING * * *
The eye of devastation moves out of view.
Unknown command.
You fade into invisibility!
The sixfirhy completely misses you. x2; The orange demon stings you from afar!
You die...

#≈≈≈55# #.≈≈≈≈#
#.≈≈≈8# #≈≈5yH#
#.≈4.G# #.....#
#...§.#
##################4#
##.......'....§§@3.#
##.#######....§§§§.#
##.......#..÷.§§§§.#
########.#.....§.).#
##.......#....§§.[.#
##'#################
#.#.#.#.#§§§§§.§§(#
#....#..#§§§§§≈§≈§#
#.....#§#§§§§§§§..#


You could see an orange demon (summoned, berserk, can't see you) and a sixfirhy
(summoned, berserk, can't see you).

Vanquished Creatures
  Sigmund (D)
  Frederick (D)
  2 liches (D)
  Rupert (D)
  Gastronok (D)
  Chuck (D)
  2 shadow dragons (D)
  2 dire elephants (D)
  Snorg (D)
  An iron golem (D)
  A fire dragon (D)
  A yaktaur captain (D)
  3 hydras (D)
  An ogre mage (D)
  2 centaur warriors (D)
  4 dancing weapons (D)
  4 death yaks (D)
  4 hell knights (D)
  Urug (D)
  3 deep elf knights (D)
  A skeletal warrior (D)
  3 death drakes (D)
  A spectral hydra (D)
  An orange crystal statue (D)
  A spriggan druid (D)
  2 deep elf zephyrmancers (D)
  A lindwurm (D)
  A deep elf pyromancer (D)
  An orc sorcerer (D)
  4 crystal guardians (D)
  An ugly thing (D)
  A cyclops (shapeshifter) (D)
  A faun (shapeshifter) (D)
  2 elephants (D)
  A moth of wrath (shapeshifter) (D)
  3 statues (D)
  2 black mambas (D)
  A water nymph (shapeshifter) (D)
  Edmund (D)
  2 cane toads (D)
  A rime drake (D)
  A komodo dragon (D)
  2 unseen horrors (D)
  2 tyrant leeches (D)
  3 wandering mushrooms (D)
  4 spriggan defenders (D)
  A queen bee (D)
  2 orc high priests (D)
  6 slime creatures (D)
  8 blink frogs (D)
  2 snapping turtles (D)
  A shadow (D)
  2 spriggans (D)
  3 redbacks (D)
  A spatial vortex (D)
  5 orc warriors (D)
  A swamp drake (D)
  A black mamba simulacrum (D)
  A fire dragon simulacrum (D)
  2 centaurs (D)
  An earth elemental (D)
  3 swamp dragon skeletons (D)
  A necrophage (D)
  A water elemental (D)
  32 killer bees (D)
  An electric eel (D)
  A jelly (D)
  3 orc priests (D)
  Jessica (D)
  2 necromancers (D)
  A wizard (D)
  An orc wizard (D)
  A polar bear simulacrum (D)
  A wolf simulacrum (D)
  3 humans (D)
  A kobold demonologist (D)
  A phantom (D)
  10 orcs (D)
  An endoplasm (D)
  2 rats (D)
  A bush (D)
186 creatures vanquished.

Vanquished Creatures (others)
  13 plants (D)
13 creatures vanquished.

Grand Total: 199 creatures vanquished

Notes
Turn   | Place    | Note
-------+----------+-------------------------------------------
     0 | D        | mhtbhm the Spriggan Enchanter began the quest for the Orb.
     0 | D        | Reached XP level 1. HP: 9/9 MP: 5/5
    10 | D        | Noticed Jessica
    15 | D        | Reached skill level 5 in Stealth
    20 | D        | Killed Jessica
    21 | D        | Reached skill level 7 in Stealth
    21 | D        | Reached skill level 5 in Hexes
    21 | D        | Reached XP level 2. HP: 13/13 MP: 5/7
    21 | D        | Reached XP level 3. HP: 16/16 MP: 6/9
    70 | D        | Learned a level 2 spell: Ensorcelled Hibernation
    74 | D        | Learned a level 3 spell: Confusing Touch
    78 | D        | Learned a level 3 spell: Tukima's Dance
   265 | D        | Gained mutation: Your skin changes colour to match your
                  | surroundings (Stealth+). [potion of mutation]
   265 | D        | Gained mutation: Your spells are a little harder to cast,
                  | but a little more powerful. [potion of mutation]
   294 | D        | Noticed a water elemental
   297 | D        | Killed a water elemental
   298 | D        | Reached skill level 9 in Stealth
   298 | D        | Reached XP level 4. HP: 21/21 MP: 9/11
   307 | D        | Found a basalt altar of Yredelemnul.
   307 | D        | Found a shadowy altar of Dithmenos.
   307 | D        | Found a sacrificial altar of Ru.
   307 | D        | Noticed a necrophage
   310 | D        | Reached skill level 5 in Spellcasting
   317 | D        | Killed a necrophage
   318 | D        | Reached skill level 10 in Stealth
   318 | D        | Reached skill level 1 in Ice Magic
   318 | D        | Reached XP level 5. HP: 20/25 MP: 7/14
   322 | D        | Became a worshipper of Dithmenos the Shadowed
   330 | D        | Found a hide-covered altar of Uskayaw.
   330 | D        | Found an iron altar of Okawaru.
   331 | D        | Found a bloodstained altar of Trog.
   331 | D        | Found an ornate altar of the Wu Jian Council.
   331 | D        | Noticed a human
   331 | D        | Noticed a human
   333 | D        | Killed a human
   334 | D        | Reached skill level 1 in Fighting
   334 | D        | Reached skill level 5 in Dodging
   334 | D        | Reached skill level 12 in Stealth
   334 | D        | Reached XP level 6. HP: 25/30 MP: 9/16
   334 | D        | Killed a human
   335 | D        | Reached skill level 5 in Short Blades
   335 | D        | Reached skill level 13 in Stealth
   335 | D        | Reached skill level 10 in Hexes
   338 | D        | Found a glowing silver altar of Zin.
   338 | D        | Found a glowing golden altar of the Shining One.
   338 | D        | Found a white marble altar of Elyvilon.
   339 | D        | Noticed a deep elf pyromancer
   341 | D        | Killed a deep elf pyromancer
   341 | D        | Reached * piety under Dithmenos
   342 | D        | Reached skill level 14 in Stealth
   342 | D        | Reached skill level 5 in Invocations
   342 | D        | Reached XP level 7. HP: 30/35 MP: 11/19
   370 | D        | Learned a level 3 spell: Dazzling Flash
   403 | D        | Found a radiant altar of Vehumet.
   403 | D        | Found a shimmering blue altar of Sif Muna.
   403 | D        | Found an ancient bone altar of Kikubaaqudgha.
   532 | D        | Noticed a shadow
   534 | D        | Killed a shadow
   534 | D        | Reached ** piety under Dithmenos
   535 | D        | Reached skill level 15 in Stealth
   535 | D        | Reached XP level 8. HP: 39/39 MP: 20/20
   540 | D        | Found a blossoming altar of Fedhas.
   540 | D        | Found a stormy altar of Qazlal.
   540 | D        | Found a snail-covered altar of Cheibriados.
   540 | D        | Found a burning altar of Makhleb.
   540 | D        | Found a shimmering altar of Xom.
   541 | D        | Found a hazy altar of Hepliaklqana.
   541 | D        | Found an opulent altar of Gozag.
   541 | D        | Found a sparkling altar of Nemelex Xobeh.
   541 | D        | Found a corrupted altar of Lugonu.
   541 | D        | Found a viscous altar of Jiyva.
   561 | D        | Noticed Snorg
   566 | D        | Killed Snorg
   567 | D        | Reached skill level 17 in Stealth
   596 | D        | Reached XP level 9. HP: 43/43 MP: 20/22
   606 | D        | Noticed a centaur warrior
   608 | D        | Reached *** piety under Dithmenos
   613 | D        | Killed a centaur warrior
   614 | D        | Reached skill level 19 in Stealth
   764 | D        | Noticed an unseen horror
   765 | D        | Killed an unseen horror
   768 | D        | Noticed a wandering mushroom
   772 | D        | Noticed a wandering mushroom
   774 | D        | Noticed a wandering mushroom
   776 | D        | Killed a wandering mushroom
   776 | D        | Reached **** piety under Dithmenos
   781 | D        | Killed a wandering mushroom
   782 | D        | Reached skill level 20 in Stealth
   785 | D        | Killed a wandering mushroom
   905 | D        | Learned a level 2 spell: Wereblood
   916 | D        | Noticed an orc sorcerer
   916 | D        | Found Pagg's Jewellery Shoppe.
   925 | D        | Reached ***** piety under Dithmenos
   934 | D        | Killed an orc sorcerer
   935 | D        | Reached skill level 21 in Stealth
   935 | D        | Reached XP level 10. HP: 49/49 MP: 16/24
   938 | D        | Reached ****** piety under Dithmenos
   952 | D        | Reached skill level 1 in Evocations
  1037 | D        | Bought the amulet of Vitality {RegenMP++ Regen++} for 481
                  | gold pieces
  1037 | D        | Found the amulet of Vitality {RegenMP++ Regen++}
  1037 | D        | Bought the ring of Lalentuf {rPois Int+3} for 432 gold
                  | pieces
  1043 | D        | Bought the ring of the Tormentor {EV+4 Dex+4} for 668 gold
                  | pieces
  1088 | D        | Noticed Sigmund
  1088 | D        | Noticed Edmund
  1090 | D        | Killed Edmund
  1091 | D        | Reached skill level 22 in Stealth
  1091 | D        | Reached skill level 10 in Invocations
  1092 | D        | Killed Sigmund
  1093 | D        | Reached skill level 24 in Stealth
  1093 | D        | Reached skill level 10 in Spellcasting
  1205 | D        | Noticed an orange crystal statue
  1255 | D        | Killed an orange crystal statue
  1256 | D        | Reached XP level 11. HP: 53/53 MP: 5/26
  1378 | D        | Noticed a crystal guardian
  1378 | D        | Noticed a crystal guardian
  1378 | D        | Noticed a crystal guardian
  1378 | D        | Noticed a crystal guardian
  1379 | D        | Killed a crystal guardian
  1380 | D        | Reached skill level 25 in Stealth
  1382 | D        | Killed a crystal guardian
  1383 | D        | Reached skill level 1 in Transmutations
  1385 | D        | Killed a crystal guardian
  1421 | D        | Killed a crystal guardian
  1565 | D        | Found Kochonlo's Distillery.
  1565 | D        | Found Tabbinn's Assorted Antiques.
  1565 | D        | Found Ihaza's Distillery.
  1565 | D        | Found Plog's Book Shoppe.
  1565 | D        | Found Azatrupp's Magic Scroll Boutique.
  1565 | D        | Found Nyprih's Antique Weapon Emporium.
  1565 | D        | Found Nuosuapo's Antique Armour Shoppe.
  1565 | D        | Found Wesywydd's Jewellery Shop.
  1565 | D        | Found Ecsit's Jewellery Shop.
  1565 | D        | Found Xawoh's Magic Scroll Emporium.
  1565 | D        | Found Pola's Book Emporium.
  1595 | D        | Bought a book of Dreams for 240 gold pieces
  1600 | D        | Learned a level 4 spell: Anguish
  1625 | D        | Reached skill level 10 in Dodging
  1645 | D        | Reached skill level 26 in Stealth
  1711 | D        | Noticed a centaur warrior
  1715 | D        | Killed a centaur warrior
  1746 | D        | Noticed a fire dragon
  1750 | D        | Killed a fire dragon
  1774 | D        | Noticed a +2 hand axe of electrocution
  1774 | D        | Noticed a +2 battleaxe of freezing
  1775 | D        | Noticed a +0 flail of protection
  1775 | D        | Noticed a +1 short sword of draining
  1776 | D        | Killed a +2 hand axe of electrocution
  1777 | D        | Reached skill level 27 in Stealth
  1778 | D        | Killed a +2 battleaxe of freezing
  1779 | D        | Reached skill level 10 in Short Blades
  1779 | D        | Killed a +1 short sword of draining
  1783 | D        | Killed a +0 flail of protection
  1812 | D        | Noticed a yaktaur captain
  1816 | D        | Reached skill level 1 in Conjurations
  1845 | D        | Killed a yaktaur captain
  1846 | D        | Reached XP level 12. HP: 33/58 MP: 28/28
  2012 | D        | Noticed an iron golem
  2043 | D        | Killed an iron golem
  2157 | D        | Reached skill level 1 in Necromancy
  2158 | D        | Reached skill level 5 in Evocations
  2277 | D        | Noticed a lich
  2290 | D        | Killed a lich
  2291 | D        | Reached skill level 15 in Invocations
  2419 | D        | Noticed Chuck
  2739 | D        | Reached skill level 15 in Hexes
  2773 | D        | Noticed a dire elephant
  2773 | D        | Noticed a dire elephant
  2773 | D        | Noticed Gastronok
  2780 | D        | Killed a dire elephant
  2781 | D        | Reached skill level 1 in Throwing
  2781 | D        | Killed a dire elephant
  2783 | D        | Killed Gastronok
  2784 | D        | Reached skill level 5 in Fighting
  2784 | D        | Reached XP level 13. HP: 63/63 MP: 31/31
  2789 | D        | Noticed an azure jelly
  2789 | D        | Noticed an azure jelly
  2789 | D        | Noticed an azure jelly
  2790 | D        | Noticed an azure jelly
  2792 | D        | Noticed Rupert
  2796 | D        | Killed Rupert
  2814 | D        | Reached skill level 10 in Evocations
  2840 | D        | Found Xuseodgh's Book Shoppe.
  2840 | D        | Found Kixzar's Antique Armour Boutique.
  2842 | D        | Found Zoeschoc's Distillery.
  2844 | D        | Bought a book of Hexes for 360 gold pieces
  3052 | D        | Reached skill level 15 in Dodging
  3052 | D        | Reached skill level 5 in Ice Magic
  3148 | D        | Noticed Urug
  3150 | D        | Killed Urug
  3190 | D        | Reached skill level 15 in Spellcasting
  3239 | D        | Noticed a kraken
  3267 | D        | Found a blossoming altar of Fedhas.
  3402 | D        | Noticed a deep elf annihilator
  3454 | D        | HP: 1/65 [shot self (23)]
  3662 | D        | Noticed a deep elf annihilator
  3664 | D        | Noticed a deep elf death mage
  3863 | D        | Found the +15 Maxwell's patent armour {-Cast -Tele rElec
                  | Will+ rCorr}
  4080 | D        | Bought a scroll of blinking for 90 gold pieces
  4080 | D        | Bought a scroll of identify for 24 gold pieces
  4080 | D        | Bought a scroll of identify for 24 gold pieces
  4085 | D        | Bought a scroll of identify for 22 gold pieces
  4085 | D        | Bought 2 scrolls of identify for 44 gold pieces
  4091 | D        | Bought a scroll of identify for 48 gold pieces
  4091 | D        | Bought a scroll of identify for 48 gold pieces
  4091 | D        | Bought a scroll of identify for 48 gold pieces
  4380 | D        | Paralysed by an air elemental for 1 turns
  4517 | D        | Paralysed by an air elemental for 1 turns
  4985 | D        | Killed Chuck
  4991 | D        | Identified the +3 robe of Insecurity {-Tele rF+++}
  5025 | D        | Noticed Frederick
  5028 | D        | Killed Frederick
  5029 | D        | Reached XP level 14. HP: 65/70 MP: 29/35
  5054 | D        | Noticed a lich
  5057 | D        | Killed a lich
  5063 | D        | Noticed a shadow dragon
  5063 | D        | Noticed a shadow dragon
  5193 | D        | Killed a shadow dragon
  5194 | D        | Killed a shadow dragon
  5341 | D        | Slain by an orange demon

Illustrated notes

Levels and vault maps discovered:
D:        dungeon_sprint_mu [sprint_mu_entry_forest, sprint_mu_temple_rooms,
          sprint_mu_d1_horrors, sprint_mu_d2_genie, sprint_mu_d3_branching,
          sprint_mu_orc_legion, sprint_mu_elf_gauntlet, sprint_mu_hive_nellie,
          sprint_mu_lair_fedhas, sprint_mu_vaults_butterflies,
          sprint_mu_slime_circle, sprint_mu_swamp_cave, sprint_mu_shoals_kraken,
          sprint_mu_blade_basic, sprint_mu_crypt_fortress,
          sprint_mu_tomb_spiral, sprint_mu_vestibule_basic,
          sprint_mu_gehenna_hellfire, sprint_mu_dis_giant,
          sprint_mu_tartarus_statrot, sprint_mu_cocytus_islands, sprint_mu_zot1]

Skill      XL: |  1  2  3  4  5  6  7  8  9 10 11 12 13 14 |
---------------+-------------------------------------------+-----
Hexes          | 5 7 8 9 11 12 13 15 17 18 | 18.6
Stealth        | 7 9 10 12 14 15 17 21 24 27 | 27.0
Dodging        | 3 4 5 6 8 12 14 16 17 | 17.1
Spellcasting   | 3 4 5 6 7 8 9 10 11 13 16 17 | 17.5
Short Blades   | 2 3 4 6 7 8 10 11 12 | 12.3
Ice Magic      | 1 2 3 4 6 |  6.5
Fighting       | 1 2 3 4 5 6 |  6.5
Invocations    | 3 5 6 7 9 11 13 16 18 19 | 19.0
Evocations     | 1 3 9 11 12 | 12.2
Transmutations | 2 |  2.9
Conjurations   | 1 2 3 |  3.2
Necromancy     | 2 |  2.6
Throwing       | 1 2 |  2.0

Action                   |  1- 3 |  4- 6 |  7- 9 | 10-12 | 13-15 || total
-------------------------+-------+-------+-------+-------+-------++-------
Melee: Dagger            |    36 |    11 |    26 |   215 |   123 ||   411
       Punch             |       |       |     1 |     2 |     2 ||     5
Throw: Dart              |       |       |       |     1 |     1 ||     2
 Cast: Ensorcelled Hiber |     2 |     1 |     3 |     2 |    16 ||    24
       Confusing Touch   |     2 |     1 |     2 |     4 |     6 ||    15
       Wereblood         |       |       |     1 |     1 |       ||     2
       Dazzling Flash    |       |       |       |     3 |     8 ||    11
       Anguish           |       |       |       |     1 |     2 ||     3
Invok: Shadow Step       |       |       |     2 |     9 |    24 ||    35
Evoke: Tin of tremorston |       |       |     2 |     4 |     4 ||    10
       Condenser vane    |       |       |       |     4 |     3 ||     7
       Wand              |       |       |       |     6 |     2 ||     8
       Box of beasts     |       |       |       |       |     1 ||     1
  Use: Potion            |     3 |     1 |     2 |     5 |     5 ||    16
       Scroll            |       |       |       |     2 |     9 ||    11
 Stab: Sleeping          |     4 |     4 |    13 |    39 |    45 ||   105
       Confused          |     1 |       |     1 |     2 |     5 ||     9
       Invisible         |       |     3 |       |    15 |     4 ||    22
       Distracted        |       |       |       |     1 |     4 ||     5
Armor: Robe              |     1 |       |       |     8 |     1 ||    10
Dodge: Dodged            |    18 |     3 |    18 |   125 |   164 ||   328

Table legend: (Time is in decaauts)
 A = Elapsed time spent in this place.
 B = Non-inter-level travel time spent in this place.
 C = Inter-level travel time spent in this place.
 D = Time resting spent in this place.
 E = Time spent auto-exploring this place.
 F = Levels seen in this place.
 G = Mean time per level.
                   A        B        C        D        E       F      G
               +--------+--------+--------+--------+--------+-----+--------+
         Total |   4426 |   4320 |    106 |   2576 |     15 |   1 | 4426.0 |
       Dungeon |   4426 |   4320 |    106 |   2576 |     15 |   1 | 4426.0 |
               +--------+--------+--------+--------+--------+-----+--------+

Top non-repeatable levels by time:
       D: 4426 daAuts
